 Dungeon Crawl Stone Soup version 0.31.0-32-g396128a36d (webtiles) character file.

Game seed: 756049336111852501

4421 Minsecho the Shooter (level 10, -3/79 HPs)
             Began as a Formicid Alchemist on Mar 13, 2024.
             Was a Priest of Nemelex Xobeh.
             Slain by Erica
             ... wielding a +3 scimitar of flaming
              (14 damage)
             ... on level 9 of the Dungeon on Mar 14, 2024.
             The game lasted 00:25:40 (9131 turns).

Minsecho the Shooter (Formicid Alchemist)           Turns: 9131, Time: 00:25:41

Health: -3/79      AC:  9    Str: 13    XL:     10   Next: 62%
Magic:  15/15      EV: 13    Int: 15    God:    Nemelex Xobeh [***...]
Gold:   859        SH:  6    Dex: 18    Spells: 10/16 levels left

rFire   . . .        u - +2 hand axe (elec)
rCold   . . .        n - +0 buckler
rNeg    . . .        y - +1 leather armour {rPois}
rPois   +            (helmet unavailable)
rElec   .            (no cloak)
rCorr   .            (no gloves)
SInv    +            A - +0 pair of boots
Will    ++...        K - amulet of faith
Stlth   ++           j - +4 ring of protection
HPRegen 0.33/turn    O - ring of willpower
MPRegen 0.14/turn

%: faith
@: no status effects
A: permanent stasis, dig shafts and tunnels, antennae 3, four strong arms
a: Dig, Shaft Self, Renounce Religion, Draw Escape, Draw Destruction, Draw
Summoning, Triple Draw


You were on level 9 of the Dungeon.
You worshipped Nemelex Xobeh.
Nemelex Xobeh was most pleased with you.
You visited 1 branch of the dungeon, and saw 9 of its levels.

You collected 859 gold pieces.

Inventory:

Hand Weapons
 r - a +2 short sword of venom
 u - a +2 hand axe of electrocution (weapon)
 I - the +2 whip "Embalmer" {venom, rN+ Dex+3}
   (You found it on level 6 of the Dungeon)

   Dex+3:     It affects your dexterity (+3).
   rN+:       It protects you from negative energy.
 J - a +3 dire flail
 P - a +0 arbalest
Armour
 a - a +0 robe
 i - a +0 ring mail
 n - a +0 buckler (worn)
 y - a +1 leather armour of poison resistance (worn)
 A - a +0 pair of boots (worn)
Magical Staves
 w - a staff of conjuration
Jewellery
 h - an amulet of reflection
 j - a +4 ring of protection (left hand)
 t - an amulet of magic regeneration
 G - an amulet of guardian spirit
 K - an amulet of faith (around neck)
 O - a ring of willpower (right hand)
Talismans
 l - a maw talisman
Wands
 p - a wand of roots (7)
 q - a wand of acid (6)
 z - a wand of mindburst (12)
 C - a wand of digging (7)
 M - a wand of flame (14)
 N - a wand of paralysis (18)
Scrolls
 d - 2 scrolls of immolation
 e - 4 scrolls of fear {unknown}
 g - a scroll of identify
 k - 2 scrolls of summoning {unknown}
 m - a scroll of revelation {unknown}
 B - a scroll of enchant armour {unknown}
 D - a scroll of brand weapon {unknown}
 F - a scroll of fog {unknown}
 H - a scroll of silence {unknown}
 L - a scroll of amnesia {unknown}
Potions
 b - a potion of magic
 c - 3 potions of enlightenment
 f - a potion of resistance
 o - a potion of might
 s - 7 potions of curing
 v - 3 potions of brilliance {unknown}
 x - 2 potions of lignification {unknown}
 E - a potion of attraction {unknown}


   Skills:
 * Level 7.0 Fighting
 + Level 5.0 Axes
 + Level 0.2(3.0) Maces & Flails
 + Level 7.3 Ranged Weapons
 + Level 3.5 Armour
 + Level 4.0 Dodging
 + Level 3.7 Stealth
 + Level 5.7 Shields
 + Level 3.8 Spellcasting
 + Level 2.1 Conjurations
 + Level 1.1 Air Magic
 + Level 6.5 Alchemy
 * Level 2.0 Invocations
 + Level 1.0 Evocations


You had 10 spell levels left.
You knew the following spells:

 Your Spells              Type           Power      Damage    Failure   Level
a - Sting                 Conj/Alch      60%        1d6       5%          1
b - Mercury Vapours       Alch/Air       28%        N/A       10%         2
c - Mephitic Cloud        Conj/Alch/Air  12%        N/A       24%         3

Your spell library contained the following spells:

 Spells                   Type           Power      Damage    Failure   Level
 Olgreb's Toxic Radiance  Alch           22%        N/A       22%         4
 Apportation              Tloc           4%         N/A       30%         1
 Necrotise                Necr           8%         1d4       30%         1
 Summon Small Mammal      Summ           8%         N/A       30%         1
 Ensorcelled Hibernation  Hex/Ice        4%         N/A       43%         2
 Leda's Liquefaction      Alch/Erth      6%         N/A       63%         4
 Sticky Flame             Fire/Alch      12%        2d5       63%         4
 Passwall                 Erth           2%         N/A       67%         3
 Summon Ice Beast         Ice/Summ       2%         N/A       67%         3
 Cause Fear               Hex            1%         N/A       97%         4
 Fireball                 Conj/Fire      3%         3d4       99%         5
 Lee's Rapid Deconstruct  Erth           1%         3d4*      100%        5
 Summon Mana Viper        Hex/Summ       2%         N/A       100%        5
 Bombard                  Conj/Erth      3%         9d1       100%        6
 Monstrous Menagerie      Summ           1%         N/A       100%        7
 Dragon's Call            Summ           1%         N/A       100%        9
 Swiftness                Air            Unusable   N/A       N/A         3

Dungeon Overview and Level Annotations

Branches:
Dungeon (9/15)             Temple (0/1) D:5            Lair (0/5) D:8
    Orc: D:9-12

Altars:
Nemelex Xobeh

Shops:
D:6 [

Annotations:
D:9 Erica


Innate Abilities, Weirdness & Mutations

You cannot be hasted, slowed, berserked, paralysed or teleported.
You can dig through walls and to a lower floor.
You have a pair of large antennae on your head. (SInv)
Your four strong arms can wield two-handed weapons with a shield.


Message History

You slash Erica! Lightning courses through Erica!
Erica is moderately wounded.
Erica casts a spell at you. The bolt of poison hits you. You resist.
Erica constricts you.
You hit Erica.
Erica is heavily wounded.
Erica casts a spell at you. The bolt of poison hits you. You resist.
Erica constricts you.
You hit Erica.
Erica is heavily wounded.
Erica hits you with a +3 scimitar of flaming.
Erica burns you. Erica constricts you.
You miss Erica.
Erica is heavily wounded.
You block Erica's attack. Erica constricts you.
You barely miss Erica.
Erica is heavily wounded.
Erica hits you with a +3 scimitar of flaming!!
* * * LOW HITPOINT WARNING * * *
Erica burns you!
* * * LOW HITPOINT WARNING * * *
Erica constricts you.
Okay, then.
Okay, then.
Aiming: Paralyse
Press: ? - help, Shift-Dir - straight line, f/p - Erica
Aim: Erica, wielding a +3 scimitar of flaming and wearing an amulet of magic regeneration (heavily wounded, constricting you, chance to affect: 19%)
Okay, then.
Okay, then.
Unknown command.
Okay, then.
Okay, then.
Unknown command.
You escape Erica's grasp.
Okay, then.
You draw a card...
You have drawn the Tomb.
Walls emerge from the floor!
Erica hits you with a +3 scimitar of flaming!
You die...
Erica begins burbling mirthfully and uncontrollably.
Your body glows slightly and disappears.

####### ####### ....<..
#.....# .......
#####.....# ## .......
###...'.....###.
.......###...###.....'...
.......x@#.### #.....####
.......##### #.....#
......$ #.....# #####.#
#.....# .. #.....# ..#
###'#### #.# #...# #+
####'########
#...........##


You could see Erica.

Vanquished Creatures
  A two-headed ogre (D:7)
  A troll (D:9)
  Grinder (D:6)
  2 orc warriors (D:6)
  A sky beast (D:6)
  3 ice beasts
  6 centaurs
  2 phantoms
  Blork the orc (D:5)
  A bullfrog (D:9)
  3 scorpions
  12 wights
  5 killer bees (D:8)
  2 howler monkeys (D:8)
  8 hounds
  3 gnoll boudas
  3 orc priests
  4 jellies
  A sleepcap (D:6)
  2 iguanas
  Ijyb (D:2)
  5 orc wizards
  4 gnolls
  9 adders
  2 shadow imps (D:6)
  A white imp (D:6)
  3 ufetubi
  3 dart slugs
  4 ribbon worms
  27 orcs
  6 ball pythons
  9 bats
  7 endoplasms
  3 giant cockroaches
  14 goblins
  2 hobgoblins
  2 jackals (D:1)
  6 kobolds
  3 quokkas
  2 frilled lizards
  5 rats
180 creatures vanquished.

Notes
Turn   | Place    | Note
-------+----------+-------------------------------------------
     0 | D:1      | Minsecho the Formicid Alchemist began the quest for the
                  | Orb.
     0 | D:1      | Reached XP level 1. HP: 13/13 MP: 3/3
   196 | D:1      | Reached XP level 2. HP: 19/19 MP: 3/5
   233 | D:1      | Learned a level 2 spell: Mercury Vapours
   288 | D:1      | Reached skill level 1 in Conjurations
   689 | D:1      | Found a faded altar of an unknown god.
   698 | D:1      | Reached XP level 3. HP: 19/24 MP: 6/6
   860 | D:2      | Learned a level 3 spell: Mephitic Cloud
  1211 | D:2      | Noticed Ijyb
  1225 | D:2      | Reached skill level 1 in Ranged Weapons
  1232 | D:2      | Killed Ijyb
  1233 | D:2      | Reached XP level 4. HP: 13/31 MP: 4/7
  2034 | D:3      | Reached XP level 5. HP: 34/36 MP: 8/8
  2111 | D:3      | Reached skill level 1 in Fighting
  2499 | D:4      | You fall into a shaft and drop 3 floors!
  2594 | D:6      | Noticed a sky beast
  2690 | D:6      | Reached skill level 1 in Shields
  2819 | D:6      | Reached XP level 6. HP: 40/44 MP: 5/10
  2892 | D:6      | Killed a sky beast
  2976 | D:6      | Noticed Grinder
  3019 | D:6      | Killed Grinder
  3020 | D:6      | Reached skill level 5 in Alchemy
  3020 | D:6      | Reached XP level 7. HP: 18/51 MP: 11/11
  3151 | D:6      | Found a sparkling altar of Nemelex Xobeh.
  3172 | D:6      | Found Motur's Armour Boutique.
  3179 | D:6      | Became a worshipper of Nemelex Xobeh the Trickster
  3205 | D:6      | Reached skill level 1 in Armour
  3659 | D:6      | Reached skill level 5 in Ranged Weapons
  3758 | D:6      | Reached XP level 8. HP: 58/59 MP: 7/12
  4001 | D:5      | Entered Level 5 of the Dungeon
  4947 | D:5      | Found a staircase to the Ecumenical Temple.
  4962 | D:5      | Noticed Blork the orc
  4978 | D:5      | Killed Blork the orc
  5237 | D:5      | Reached * piety under Nemelex Xobeh
  5354 | D:5      | Reached XP level 9. HP: 66/66 MP: 13/13
  5455 | D:6      | Reached skill level 5 in Fighting
  5801 | D:6      | Reached skill level 1 in Axes
  5846 | D:6      | Identified the +2 whip "Embalmer" {venom, rN+ Dex+3}
  6382 | D:7      | HP: 3/66 [ice beast (5)]
  6818 | D:7      | Noticed a two-headed ogre
  6843 | D:7      | Killed a two-headed ogre
  6844 | D:7      | Reached skill level 5 in Shields
  6844 | D:7      | Reached skill level 1 in Air Magic
  6844 | D:7      | Reached XP level 10. HP: 19/77 MP: 13/15
  7075 | D:7      | Received a gift from Nemelex Xobeh
  7083 | D:7      | Reached skill level 1 in Evocations
  7708 | D:7      | Reached ** piety under Nemelex Xobeh
  7969 | D:8      | Reached skill level 1 in Invocations
  8301 | D:8      | Received a gift from Nemelex Xobeh
  8540 | D:8      | Reached *** piety under Nemelex Xobeh
  8640 | D:8      | Found a staircase to the Lair.
  8730 | D:8      | Received a gift from Nemelex Xobeh
  9047 | D:9      | Reached skill level 5 in Axes
  9117 | D:9      | Noticed Erica
  9131 | D:9      | Slain by Erica

Illustrated notes

Levels and vault maps discovered:
D:1:      dpeg_arrival_round_b, layout_loops_ring,
          shapermc_ecumenical_altar_mp_ritualfount, minmay_tetromino_t4
D:2:      kennysheep_the_goblin_king, layout_loops_ring,
          chequers_serial_rivers_room_a, eino_tiny_chamber, chequers_arboretum
D:3:      layout_loops_ring, st_stairs_2
D:4:      layout_loops_ring
D:5:      layout_loops_cross, minmay_temple_entry_arrows, uniq_blork_the_orc
D:6:      minmay_polygon_palace, layout_basic, nicolae_overflow_crystal_walls,
          serial_shops, shop, uniq_grinder
D:7:      layout_gridville
D:8:      layout_gridville, lair_entry_dummy
D:9:      layout_roguey, hiddenorc2_lemuel, serial_shops,
          nicolae_shop_hallway_plus, nicolae_shop_tiny_statue_garden, shop,
          nicolae_shop_stone, uniq_amaemon, uniq_erica

Skill      XL: |  1  2  3  4  5  6  7  8  9 10 |
---------------+-------------------------------+-----
Conjurations   | 1 2 |  2.1
Dodging        | 2 3 4 |  4.0
Ranged Weapons | 1 2 3 4 5 6 7 |  7.3
Fighting       | 1 2 3 4 6 7 |  7.0
Shields        | 2 3 5 |  5.7
Alchemy        | 5 6 |  6.5
Spellcasting   | 3 |  3.8
Armour         | 1 2 3 |  3.5
Stealth        | 3 |  3.7
Axes           | 4 5 |  5.0
Air Magic      | 1 |  1.1
Evocations     | 1 |  1.0
Invocations    | 2 |  2.0
Maces & Flails | |  0.2

Action                     |  1- 3 |  4- 6 |  7- 9 | 10-12 || total
---------------------------+-------+-------+-------+-------++-------
  Melee: Unarmed           |    26 |       |       |       ||    26
         Short sword       |       |    28 |    40 |       ||    68
         Hand axe          |       |       |   135 |    64 ||   199
         Whip              |       |       |       |    26 ||    26
   Fire: Shortbow          |    51 |   120 |   167 |       ||   338
         Arbalest          |       |       |       |    36 ||    36
   Cast: Sting             |    20 |    17 |    34 |     5 ||    76
         Mercury Vapours   |       |     3 |    11 |     2 ||    16
         Mephitic Cloud    |       |       |     1 |       ||     1
 Invoke: Draw Escape       |       |       |       |     2 ||     2
         Draw Destruction  |       |       |       |     2 ||     2
Ability: Shaft Self        |       |     1 |       |       ||     1
  Evoke: Wand              |       |       |     6 |     3 ||     9
    Use: Scroll            |       |     4 |     3 |     1 ||     8
         Potion            |       |       |     2 |       ||     2
   Stab: Confused          |       |       |     3 |       ||     3
 Armour: Robe              |    29 |    48 |       |       ||    77
         Leather armour    |       |    17 |   173 |    79 ||   269
  Dodge: Dodged            |    32 |    54 |   169 |    80 ||   335
  Block: Buckler           |     1 |    16 |    73 |    36 ||   126
